[Event "Sempre più Rapidamente"]
[Site "Chess.com"]
[Date "2020.04.12"]
[Round "1"]
[White "crippo"]
[Black "ferrariand"]
[Result "1-0"]
[WhiteElo "1674"]
[BlackElo "1594"]
[TimeControl "720+3"]
[EndTime "6:02:49 PDT"]
[Termination "crippo ha vinto per scaccomatto"]

1. e4 e5 2. Bc4 Nf6 3. d3 d5 4.
exd5 Nxd5 5. Nf3 Bg4 6. Nc3 Bb4 7. O-O Nxc3 8. bxc3 Bxc3 9. Ba3 Bxa1 10. Qxa1 Bxf3 11. Qxe5+ Kd7 12. Qf5+ Ke8 13. Re1+ Qe7 14. Qxf7+ Kd8 15.
Qxe7+ Kc8 16. Be6+ Nd7 17. Bxd7+ Kb8 18. Qe8+ Rxe8 19.
Rxe8# 1-0

[Event "Sempre più Rapidamente"]
[Site "Chess.com"]
[Date "2020.04.12"]
[Round "1"]
[White "mr6701"]
[Black "Delsoldato03"]
[Result "1-0"]
[WhiteElo "1491"]
[BlackElo "1110"]
[TimeControl "720+3"]
[EndTime "6:04:23 PDT"]
[Termination "mr6701 ha vinto per abbandono"]

1. e4 e5 2. d4 exd4 3. c3 dxc3 4. Bc4 c2 5. Qxc2 Bb4+ 6. Nc3 d6 7. Bxf7+ Kxf7 8.
Qb3+ Be6 9. Qxb4 b6 10. Nf3 Nc6 11. Qb5 Qd7 12. Ng5+ Kf6 13. O-O Ne5 14. Qe2 Bc4 15.
Qe3 Qg4 16. h3 Qh4 17. g3 Qh5 18. Nd5+ Bxd5 19. exd5 Ke7 20. f4 h6 21. Ne6 Nf7 22. Nxg7+ 1-0

[Event "Sempre più Rapidamente"]
[Site "Chess.com"]
[Date "2020.04.12"]
[Round "1"]
[White "Ollarov"]
[Black "sirmale49"]
[Result "1-0"]
[WhiteElo "1969"]
[BlackElo "1410"]
[TimeControl "720+3"]
[EndTime "6:10:24 PDT"]
[Termination "Ollarov ha vinto per abbandono"]

1. e4 d5 2. exd5 Qxd5 3. Nc3 Qd6 4. d4 c6 5. Nf3 Bg4 6. Be2 Nf6 7. h3 Bf5 8. Be3 Nbd7 9. Qd2 Nb6 10. O-O-O O-O-O 11. g4 Ne4 12. Nxe4 Bxe4 13. Rhe1 Nd5 14. Ng5 Bg6 15.
Bc4 h6 16. Nf3 Nxe3 17. fxe3 e6 18. Ne5 Be7 19. Nxg6 fxg6 20. Qd3 e5 21. dxe5 Qxd3 22. Rxd3 Rxd3 23. Bxd3 g5 24. Bf5+ Kc7 25. Rd1 Rd8 26. Rxd8 Kxd8 27. Kd2 Bc5 28. Kd3 Ke7 29. Ke4 a6 30. a3 b5 31. b4 Bb6 32. Bc8 a5 33.
Bb7 c5 34. c3 axb4 35. axb4 cxb4 36. cxb4 g6 37. Bc6 Ke6 38. Bxb5 Bc7 39. Bc4+ Ke7 40. Kd5 h5 41. e6 Bb6 42. e4 Bd8 43. Kc6 Kf6 44.
Kd7 Be7 45. b5 Bc5 46. Kc6 Be3 47. b6 Ke7 48. b7 Bf4 49. Kd5 Bb8 50. e5 Bc7 51. Bb5 Bb8 52. Bd3 hxg4 53. hxg4 Bc7 54. Bxg6 Bb8 55. Ke4 Bc7 56. Kf5 Bb8 57. Bf7 Bc7 58.
Kxg5 Bxe5 59. Kh6 Bf4+ 60. g5 Bb8 61. Kh5 Kf8 62. Kg6 Be5 63. Kh7 Bb8 64. g6 Be5 65. g7+ 1-0

[Event "Sempre più Rapidamente"]
[Site "Chess.com"]
[Date "2020.04.12"]
[Round "1"]
[White "ottovolante"]
[Black "SanSecondoPR"]
[Result "0-1"]
[WhiteElo "998"]
[BlackElo "1440"]
[TimeControl "720+3"]
[EndTime "6:12:17 PDT"]
[Termination "SanSecondoPR ha vinto per abbandono"]

1. e4 e5 2. Nf3 Nc6 3. Bc4 Nf6 4. d3 d6 5. Ng5 d5 6. Bxd5 Nxd5 7. exd5 Ne7 8. Qf3 Qxd5 9. Qxd5 Nxd5 10. O-O f6 11. Nf3 Bd6 12. Nc3 Nb4 13. Rb1 c6 14. Ne1 Bf5 15.
a3 Na6 16. Ne4 Be7 17. h3 O-O 18. Bd2 Rad8 19. Bc3 Nc7 20. Nf3 g5 21. g4 Be6 22.
Ned2 Nd5 23. Nh2 Nf4 24. Rbe1 Nxh3+ 25. Kg2 Nf4+ 26. Kg3 h5 27. Ba5 b6 28. Bb4 c5 29. Bc3 h4+ 30. Kf3 Bd5+ 31. Ne4 f5 32.
gxf5 Rxf5 33. Rg1 Nxd3+ 34. Ke3 Nxe1 35. Bxe1 Rf4 36. f3 c4 37. Ng4 Bxe4 38. fxe4 Bc5+ 39. Ke2 Bxg1 40. Nh6+ Kh7 41. Nf5 Rxe4+ 42. Kf1 Rd1 43.
Kxg1 Rexe1+ 44. Kg2 Kg6 45. Ne7+ Kh5 46. Nc6 g4 47. Kf2 g3+ 48. Kf3 e4+ 49. Kf4 g2 50. Ne5 g1=Q 0-1

[Event "Sempre più Rapidamente"]
[Site "Chess.com"]
[Date "2020.04.12"]
[Round "1"]
[White "lionblu1"]
[Black "GuGe14"]
[Result "0-1"]
[WhiteElo "1318"]
[BlackElo "1835"]
[TimeControl "720+3"]
[EndTime "6:20:40 PDT"]
[Termination "GuGe14 ha vinto per abbandono"]

1. d4 Nf6 2. c4 g6 3. Nc3 Bg7 4. e4 d6 5. Be2 O-O 6. Bg5 c5 7. d5 e6 8. Qd2 exd5 9. exd5 Qb6 10. Nf3 Bf5 11. O-O Ne4 12. Nxe4 Bxe4 13. Rae1 Qxb2 14. Qxb2 Bxb2 15. Be7 Re8 16. Bxd6 b6 17. Ng5 Bf5 18. g4 Bc2 19. Bf3 Nd7 20. Bd1 Bd3 21. Ba4 Bxf1 22. Bxd7 Rxe1 23. Nf3 Rd1 24. Ba4 Rc1 25.
Bf4 Rxc4 26. Bc6 Rxf4 27. Ne5 Bxe5 0-1

[Event "Sempre più Rapidamente"]
[Site "Chess.com"]
[Date "2020.04.12"]
[Round "1"]
[White "Carbon"]
[Black "sergiodone"]
[Result "1-0"]
[WhiteElo "1784"]
[BlackElo "1211"]
[TimeControl "720+3"]
[EndTime "6:25:43 PDT"]
[Termination "Carbon ha vinto per tempo"]

1. e4 c5 2. Nf3 d6 3. c3 e6 4. d4 cxd4 5. cxd4 Be7 6. Nc3 a6 7. Be2 Nd7 8. O-O b5 9. Bd3 Bb7 10. Ne2 Ngf6 11. Ng3 h5 12. Bg5 Qb6 13. Rc1 h4 14. Bxh4 Ng4 15. Bxe7 Kxe7 16. h3 Ngf6 17. Qd2 e5 18. Nf5+ Kf8 19. Qg5 g6 20. dxe5 dxe5 21.
Ng3 Qd6 22. Rfd1 Qe7 23. Rc7 Rb8 24. Bc2 Qd8 25. Rdxd7 Nxd7 26. Qxd8+ Rxd8 27. Rxb7 f6 28. Bb3 Nc5 29. Rf7+ Ke8 30. Rxf6 Nxb3 31. axb3 Rg8 32. Nxe5 Rd1+ 33. Kh2 Rd2 34. Rxa6 Ke7 35. Nxg6+ Kd7 36. Ne5+ Kc7 37. Rc6+ Kb7 38. Rc3 Rxf2 39. Nd3 Rd2 40. Nc5+ Kb6 41. Ne6 Rxb2 42. h4 Rg6 43. Nf4 Rg4 44.
Nd5+ Kb7 45. Kh3 Rg7 46. h5 Rf2 47. Rf3 Rd2 48. h6 Rh7 49. Rf6 Rd3 50. Rg6 Kb8 51. Nf6 Rf7 52. Rg8+ Kb7 53. Rg7 Rxg7 54. hxg7 Rd8 55.
g8=Q Rxg8 56. Nxg8 Kc7 57. Nf6 Kd6 58. Nd5 Kc5 59.
b4+ Kd6 60. Kg4 Ke5 61. Kf3 Ke6 62. Ne2 Ke5 63. g4 Ke6 64. Nd4+ Ke5 65. Nxb5 Ke6 66. Kf4 1-0

[Event "Sempre più Rapidamente"]
[Site "Chess.com"]
[Date "2020.04.12"]
[Round "2"]
[White "ferrariand"]
[Black "SanSecondoPR"]
[Result "1-0"]
[WhiteElo "1601"]
[BlackElo "1383"]
[TimeControl "720+3"]
[EndTime "6:35:34 PDT"]
[Termination "ferrariand ha vinto per abbandono"]

1. e4 e5 2. Nf3 Nc6 3. Bb5 Nge7 4. O-O g6 5. c3 Bg7 6. d4 O-O 7. Re1 d6 8. d5 Nb8 9. Bg5 f6 10. Be3 a6 11. Bc4 b5 12. Bb3 Bg4 13. h3 Bd7 14. a4 c6 15. dxc6+ Kh8 16. cxd7 Nxd7 17. Qxd6 Nc8 18.
Qd2 Qc7 19. Rd1 Nc5 20. Bxc5 Qxc5 21. Qd5 Qb6 22. Qxa8 Nd6 23. Qd5 Nb7 24. Qe6 Qc7 25.
Rd7 Qb8 26. Qe7 Rg8 27. Rxb7 Qc8 28. Bxg8 Qxg8 29. Qxg7+ 1-0

[Event "Sempre più Rapidamente"]
[Site "Chess.com"]
[Date "2020.04.12"]
[Round "2"]
[White "sirmale49"]
[Black "sergiodone"]
[Result "1-0"]
[WhiteElo "1421"]
[BlackElo "1191"]
[TimeControl "720+3"]
[EndTime "6:41:59 PDT"]
[Termination "sirmale49 ha vinto per abbandono"]

1. f4 e5 2. d3 Nc6 3. Nf3 exf4 4.
Bxf4 d6 5. g3 g6 6. e3 Bg7 7. c3 Nge7 8. Bg2 Bg4 9. O-O O-O 10.
h3 Bd7 11. e4 Ne5 12. Na3 c6 13.
Nc2 Qb6+ 14. Kh1 Nxf3 15. Bxf3 Bxh3 16. Rg1 Bd7 17. Bxd6 Rfe8 18. d4 Nc8 19. Ba3 Be6 20.
Nb4 a5 21. Nd3 Qd8 22. Nf4 Bd7 23. d5 Qg5 24. Bc5 Be5 25. Qd2 Ne7 26. Be3 Bxf4 27. Bxf4 Qf6 28. e5 Qe6 29. dxe6 Bxe6 30. Bh6 Nf5 31.
Bf4 Red8 32. Qf2 Rd7 33. Rad1 Bd5 34. Bxd5 cxd5 35. g4 Ng7 36. Bh6 Ne6 37. Rgf1 b5 38.
Rd2 b4 39. c4 Rad8 40. cxd5 Nc5 41. Qxc5 1-0

[Event "Sempre più Rapidamente"]
[Site "Chess.com"]
[Date "2020.04.12"]
[Round "2"]
[White "GuGe14"]
[Black "mr6701"]
[Result "1-0"]
[WhiteElo "1843"]
[BlackElo "1470"]
[TimeControl "720+3"]
[EndTime "6:42:22 PDT"]
[Termination "GuGe14 ha vinto per abbandono"]

1. e4 d5 2. exd5 Nf6 3. d4 Nxd5 4. Nf3 Bf5 5. Bd3 Bxd3 6. Qxd3 e6 7. O-O Nc6 8. c4 Nf6 9. Nc3 Be7 10. Be3 Ng4 11. d5 Nxe3 12. Qxe3 exd5 13. Rad1 O-O 14. Nxd5 Bf6 15.
Rfe1 Qd6 16. c5 Qd8 17. b4 a6 18. a4 Re8 19. Nxf6+ gxf6 20. Rxd8 Rexd8 21. b5 axb5 22. axb5 Nb4 23. Qc3 Nd5 24. Qc2 Re8 25. Rxe8+ Rxe8 26. h3 c6 27. bxc6 bxc6 28. Nd4 Rc8 29. Qd2 Ne7 30. Qe2 Nd5 31. Qg4+ Kf8 32. Qxc8+ Kg7 33. Qxc6 Nf4 34.
Qf3 Ng6 35. c6 Ne5 36. c7 1-0

[Event "Sempre più Rapidamente"]
[Site "Chess.com"]
[Date "2020.04.12"]
[Round "2"]
[White "Delsoldato03"]
[Black "lionblu1"]
[Result "0-1"]
[WhiteElo "1077"]
[BlackElo "1358"]
[TimeControl "720+3"]
[EndTime "6:44:16 PDT"]
[Termination "lionblu1 ha vinto per abbandono"]

1. d4 Nf6 2. c4 e6 3. Nf3 Bb4+ 4. Bd2 a5 5. Qa4 Bxd2+ 6. Nbxd2 O-O 7. e4 d6 8. Be2 Nbd7 9. O-O c5 10. d5 e5 11.
Rab1 Qe7 12. Bd3 Nh5 13. g3 Nb6 14. Qc2 Bh3 15. Rfe1 g5 16. Bf1 Bd7 17. Bg2 f5 18.
Qb3 Ba4 19. Qxb6 Bc2 20. Rbc1 Ba4 21. Nb3 Ra6 22. Qxa6 bxa6 23. Nxa5 Qc7 24. Nb3 Bxb3 25. axb3 fxe4 26. Rxe4 Qa5 27. Nxg5 Qd2 28. Rg4 Qxc1+ 29. Bf1 Nf6 0-1

[Event "Sempre più Rapidamente"]
[Site "Chess.com"]
[Date "2020.04.12"]
[Round "2"]
[White "MartinoMontepietra"]
[Black "Carbon"]
[Result "0-1"]
[WhiteElo "767"]
[BlackElo "1784"]
[TimeControl "720+3"]
[EndTime "6:44:24 PDT"]
[Termination "Carbon ha vinto per scaccomatto"]

1. g3 g6 2. Nf3 Bg7 3. Bg2 Nf6 4. O-O O-O 5. a4 c5 6. c3 d5 7. d4 cxd4 8. cxd4 Nc6 9. e3 Bf5 10. Nc3 a6 11. Nh4 Bg4 12. Qd2 Na5 13. e4 Nb3 14. Qc2 Nxa1 15. Qd3 Nb3 16. exd5 Nxc1 17. Rxc1 Rc8 18. f3 Bd7 19. f4 Bxa4 20. f5 Bb5 21.
Qd2 Ng4 22. fxg6 hxg6 23. h3 Bh6 24. Qe1 Be3+ 25. Kh1 Nf2+ 26. Kh2 Bxd4 27. d6 Qxd6 28. Bxb7 Rc7 29. Be4 Nxe4 30. Qxe4 Rfc8 31. Qd5 Qxd5 32. Nxd5 Rxc1 33. Nxe7+ Kf8 34. Nxc8 Rxc8 35. Nf3 Rc2+ 36. Kh1 Bc6 37. h4 Bxf3# 0-1

[Event "Sempre più Rapidamente"]
[Site "Chess.com"]
[Date "2020.04.12"]
[Round "2"]
[White "crippo"]
[Black "Ollarov"]
[Result "0-1"]
[WhiteElo "1608"]
[BlackElo "2014"]
[TimeControl "720+3"]
[EndTime "6:49:09 PDT"]
[Termination "Ollarov ha vinto per scaccomatto"]

1. e4 c5 2. Nf3 e6 3. Be2 Nc6 4. d3 g6 5. Be3 d6 6. Nc3 Bg7 7. O-O Nge7 8. Qd2 h6 9. Rab1 a6 10. a3 b5 11. h3 Bd7 12. Nh2 b4 13. axb4 cxb4 14. Nd1 Rb8 15. Ng4 Ng8 16. Bf4 e5 17. Bg3 h5 18. Nge3 Nd4 19. f4 Ne7 20. fxe5 dxe5 21.
Nc4 Qc7 22. Nde3 O-O 23. b3 Nec6 24. Nd5 Qd8 25. Bd1 Kh7 26. Qf2 Be6 27. Nde3 Nb5 28.
Kh1 Nc3 29. Rc1 Qc7 30. Bh2 Bh6 31. Ra1 a5 32. g4 Nxd1 33. Raxd1 f6 34. gxh5 Bxh3 35.
hxg6+ Kg7 36. Rg1 Qd7 37. Nd5 Be6 38. Nce3 Nd4 39. Qh4 Nf3 40. Qf2 Nxg1 41. Rxg1 Bg5 42. Rf1 Qd8 43. Nf5+ Kxg6 44. Nfe7+ Kg7 45. Qg3 Rh8 46.
Rxf6 Bxd5 47. Nxd5 Qxf6 48. Nxf6 Kxf6 49. Qf3+ Bf4 50.
Qg4 Rxh2+ 51. Kg1 Rbh8 52. Qf5+ Kg7 53. Qd7+ Kh6 54. Qe6+ Kh5 55. Qf7+ Kg4 56. Qg6+ Kf3 57. Kf1 Rh1+ 58. Qg1 Rxg1+ 59. Kxg1 Ke3 60. Kf1 Rh2 61.
Ke1 Rxc2 62. Kd1 Kxd3 63. Ke1 Ra2 64. Kd1 Kc3 65. Ke1 Kxb3 66. Kd1 Kc3 67. Ke1 Kd3 68. Kd1 Kxe4 69. Ke1 Kd3 70. Kd1 Kc3 71. Ke1 Kc2 72. Kf1 Kb1 73. Ke1 Rc2 74. Kd1 Kb2 75. Ke1 a4 76.
Kf1 a3 77. Ke1 a2 78. Kd1 a1=R# 0-1

[Event "Sempre più Rapidamente"]
[Site "Chess.com"]
[Date "2020.04.12"]
[Round "3"]
[White "Ollarov"]
[Black "Carbon"]
[Result "0-1"]
[WhiteElo "1852"]
[BlackElo "1821"]
[TimeControl "720+3"]
[EndTime "6:56:27 PDT"]
[Termination "Carbon ha vinto per scaccomatto"]

1. e4 e6 2. d4 d5 3. e5 c5 4. c3 Nc6 5. Nf3 Bd7 6. Bd3 Rc8 7. dxc5 Bxc5 8. O-O Nge7 9. b4 Bb6 10. a4 Ng6 11.
Bg5 Nce7 12. a5 Bc7 13. Re1 h6 14. Bd2 O-O 15. Na3 f5 16. exf6 Rxf6 17. Nb5 Bb8 18. Nfd4 e5 19. Nb3 a6 20. Na3 e4 21. Bf1 Qc7 22.
Nc5 Qxh2# 0-1

[Event "Sempre più Rapidamente"]
[Site "Chess.com"]
[Date "2020.04.12"]
[Round "3"]
[White "SanSecondoPR"]
[Black "mr6701"]
[Result "0-1"]
[WhiteElo "1327"]
[BlackElo "1518"]
[TimeControl "720+3"]
[EndTime "6:59:34 PDT"]
[Termination "mr6701 ha vinto per abbandono"]

1. e4 d5 2. Nf3 dxe4 3. Ng5 Bf5 4.
d3 exd3 5. Bxd3 Bxd3 6. cxd3 h6 7.
Ne4 Nf6 8. Nxf6+ exf6 9. O-O Be7 10. Qb3 b6 11. Nc3 O-O 12. Be3 Nc6 13. Rad1 Nd4 14.
Qa4 Nf5 15. Bc1 Qd4 16. Qc6 Bd6 17. Ne4 Qe5 18. Nxd6 Qxd6 19. Qe4 Nd4 20. Bf4 Qxf4 21. Qxf4 Ne2+ 22. Kh1 Nxf4 23. d4 Rad8 24. g3 Ne6 25. d5 Nc5 26. b4 Ne4 27. f3 Nc3 28. Rd2 Rxd5 29. Rc2 Rd3 30. Rfc1 Nb5 31. a4 Nd4 32. Rxc7 Nxf3 33. Rxa7 Rd2 0-1

[Event "Sempre più Rapidamente"]
[Site "Chess.com"]
[Date "2020.04.12"]
[Round "3"]
[White "MartinoMontepietra"]
[Black "sirmale49"]
[Result "0-1"]
[WhiteElo "763"]
[BlackElo "1422"]
[TimeControl "720+3"]
[EndTime "7:03:15 PDT"]
[Termination "sirmale49 ha vinto per scaccomatto"]

1. g3 d5 2. Bg2 Nf6 3. Nf3 Nc6 4. O-O Bg4 5. a4 Qd7 6. h3 Bxh3 7. Bxh3 Qxh3 8. Nh2 Ne5 9. f3 Nh5 10. Rf2 Qxg3+ 11. Kf1 Nf4 12. d3 Nh3 13. Rg2 Qh4 14.
d4 Ng6 15. Be3 Ngf4 16. Bf2 Nxf2 17. Rxf2 e6 18. Ra3 Bd6 19. Rc3 Nh3 20. Rg2 Bxh2 21.
Rxh2 Qg3 22. Rxh3 Qxh3+ 23. Ke1 O-O-O 24. Kd2 Qh6+ 25. Ke1 Qh1+ 26. Kd2 Qxd1+ 27. Kxd1 h5 28. Ke1 h4 29. Kf1 h3 30. Kg1 h2+ 31. Kh1 Rh5 32.
Rd3 Rdh8 33. Rd1 Rg5 34. Rf1 Rh4 35. Rf2 Rg1# 0-1

[Event "Sempre più Rapidamente"]
[Site "Chess.com"]
[Date "2020.04.12"]
[Round "3"]
[White "sergiodone"]
[Black "ottovolante"]
[Result "1-0"]
[WhiteElo "1210"]
[BlackElo "994"]
[TimeControl "720+3"]
[EndTime "7:05:14 PDT"]
[Termination "sergiodone ha vinto per scaccomatto"]

1. e4 e5 2. d4 d6 3. Nf3 Nc6 4. Bc4 h6 5. h3 a6 6. c3 Nf6 7.
Nbd2 Qe7 8. d5 Na5 9. Be2 b6 10. b4 Nb7 11. a4 Bd7 12. Qc2 Qd8 13. Nc4 Be7 14. Ne3 Qc8 15. g4 Ng8 16. Nf5 g6 17. Nxe7 Nxe7 18. Be3 Ng8 19. c4 Qd8 20. Qd2 Kf8 21.
Kf1 Nf6 22. Kg2 Nxe4 23. Qb2 g5 24. Nxe5 Rg8 25. Nxd7+ Qxd7 26. Bf3 Qe7 27. Bd4 Ke8 28. Rhe1 Kd7 29. Rxe4 Qd8 30. Bf6 Qf8 31. Re7+ Kc8 32. Qc2 Rg6 33. Qf5+ Kb8 34. Qd7 Rxf6 35. Qxc7+ Ka7 36.
Qxb7# 1-0

[Event "Sempre più Rapidamente"]
[Site "Chess.com"]
[Date "2020.04.12"]
[Round "3"]
[White "GuGe14"]
[Black "crippo"]
[Result "1-0"]
[WhiteElo "1855"]
[BlackElo "1547"]
[TimeControl "720+3"]
[EndTime "7:07:28 PDT"]
[Termination "GuGe14 ha vinto per abbandono"]

1. e4 e5 2. f4 exf4 3. Nf3 Be7 4. Bc4 Bh4+ 5. Kf1 c6 6. Nc3 Bg5 7. Nxg5 Qxg5 8. d4 Nf6 9. e5 Ng4 10. Ne4 Qh4 11. Nd6+ Ke7 12. Qf3 g6 13. Bxf4 b5 14.
Bg3 Qg5 15. Qxf7+ Kd8 16. Bf4 Ne3+ 17. Bxe3 Qxe3 18. Qf6+ Kc7 19. Bb3 Ba6 20. c3 Qd3+ 21. Ke1 b4 22. Qf3 bxc3 23. Qxd3 Bxd3 24. bxc3 Na6 25.
Kd2 Bf5 26. Nxf5 gxf5 27. Raf1 Rhf8 28. Rf4 c5 29. Rhf1 Rab8 30. Rxf5 Rxf5 31. Rxf5 c4 32. Bxc4 Rb6 33. Rf6 Nb8 34. Rxb6 axb6 35. Bd3 Nc6 36. Bxh7 Ne7 37. Bc2 Nd5 38. Bb3 Nf4 39. g3 1-0

[Event "Sempre più Rapidamente"]
[Site "Chess.com"]
[Date "2020.04.12"]
[Round "3"]
[White "lionblu1"]
[Black "ferrariand"]
[Result "1-0"]
[WhiteElo "1478"]
[BlackElo "1585"]
[TimeControl "720+3"]
[EndTime "7:16:23 PDT"]
[Termination "lionblu1 ha vinto per tempo"]

1. d4 d5 2. c4 e6 3. Nc3 Nf6 4.
cxd5 exd5 5. Bg5 Be7 6. e3 O-O 7. Bd3 h6 8. Bh4 c6 9. Qc2 Nbd7 10.
Nge2 Nb6 11. O-O Ng4 12. Bg3 Bh4 13. Bf5 Bxg3 14. Nxg3 Qh4 15. h3 Nxe3 16. fxe3 Qxg3 17. Rf3 Bxf5 18. Qxf5 Qg6 19. Qe5 Nc4 20. Qc7 Nd2 21. Rg3 Qf6 22. Rd1 Ne4 23. Nxe4 dxe4 24. Rf1 Qh4 25. Rg4 Qh5 26. Rxe4 Rab8 27. Qg3 f5 28. Re7 Qg5 29. Qe5 Qf6 30. Qc7 Rfc8 31. Qd7 Rd8 32. Qc7 Rdc8 33. Qe5 Qxe5 34. Rxe5 g6 35. g4 Rf8 36.
gxf5 Rxf5 37. Rexf5 gxf5 38. Rxf5 Re8 39. Kf2 Kg7 40. Kf3 Kg6 41. Kf4 Rxe3 42. Kxe3 Kxf5 43. Kf3 h5 44. h4 Ke6 45. Ke4 Kf6 46. Kf4 1-0

[Event "Sempre più Rapidamente"]
[Site "Chess.com"]
[Date "2020.04.12"]
[Round "4"]
[White "mr6701"]
[Black "sirmale49"]
[Result "1-0"]
[WhiteElo "1561"]
[BlackElo "1407"]
[TimeControl "720+3"]
[EndTime "7:22:23 PDT"]
[Termination "mr6701 ha vinto per abbandono"]

1. e4 e5 2. d4 Nc6 3. dxe5 Nxe5 4. f4 Nc6 5. Bc4 Qe7 6. Nc3 d6 7. Nf3 h6 8. O-O Nf6 9. e5 dxe5 10. fxe5 Qc5+ 11.
Kh1 Qxc4 12. exf6 gxf6 13. Nd5 Bd6 14. Qe1+ Kf8 15. Nxf6 Be6 16. b3 Qb5 17. Bb2 Be5 18.
Nxe5 Nxe5 19. Bxe5 Rg8 20. Nxg8 Kxg8 21. Qg3+ Kf8 22. Qg7+ 1-0

[Event "Sempre più Rapidamente"]
[Site "Chess.com"]
[Date "2020.04.12"]
[Round "4"]
[White "ottovolante"]
[Black "crippo"]
[Result "0-1"]
[WhiteElo "993"]
[BlackElo "1558"]
[TimeControl "720+3"]
[EndTime "7:22:29 PDT"]
[Termination "crippo ha vinto per scaccomatto"]

1. e4 e5 2. Nf3 Nc6 3. Bc4 d6 4.
d3 Be7 5. Nc3 Nf6 6. h3 O-O 7.
Nd5 Nxd5 8. Bxd5 Be6 9. Bxc6 bxc6 10. b4 f5 11. Bd2 fxe4 12. dxe4 Qd7 13. Qc1 Bc4 14. Bg5 Rxf3 15. gxf3 Rf8 16. Qe3 d5 17. Bxe7 Qxe7 18. a3 d4 19. Qd2 Rxf3 20. O-O-O Rxa3 21. Kb2 Rc3 22. Rhg1 Qxb4+ 23. Kc1 Qa3+ 24. Kb1 Qa2+ 25. Kc1 Qa1# 0-1

[Event "Sempre più Rapidamente"]
[Site "Chess.com"]
[Date "2020.04.12"]
[Round "4"]
[White "lionblu1"]
[Black "Ollarov"]
[Result "0-1"]
[WhiteElo "1461"]
[BlackElo "1875"]
[TimeControl "720+3"]
[EndTime "7:31:22 PDT"]
[Termination "Ollarov ha vinto per abbandono"]

1. d4 Nf6 2. c4 g6 3. Nc3 Bg7 4. e4 O-O 5. Be2 d6 6. Bg5 h6 7. Be3 e5 8. d5 a5 9. g4 Nh7 10. Qd2 g5 11. h4 f6 12. hxg5 fxg5 13. a3 Na6 14. Rb1 Rf7 15. b4 Nf8 16. c5 axb4 17. axb4 Ng6 18. b5 Nxc5 19. Bxc5 dxc5 20. d6 cxd6 21.
Bc4 Nf4 22. Bxf7+ Kxf7 23. Nh3 Bxg4 24. Nxf4 exf4 25. Qd5+ Kg6 26. b6 Bxc3+ 27. Kf1 Qd7 28. Rc1 Bh3+ 29. Ke2 Qg4+ 30. Kd3 Qf3+ 31. Kc4 Ra4+ 32.
Kb5 Rb4+ 0-1

[Event "Sempre più Rapidamente"]
[Site "Chess.com"]
[Date "2020.04.12"]
[Round "4"]
[White "ferrariand"]
[Black "Delsoldato03"]
[Result "1-0"]
[WhiteElo "1586"]
[BlackElo "1070"]
[TimeControl "720+3"]
[EndTime "7:34:07 PDT"]
[Termination "ferrariand ha vinto per abbandono"]

1. e4 e5 2. Nf3 Nc6 3. Bb5 a6 4.
Ba4 Nf6 5. d3 d6 6. c3 b5 7. Bc2 Be7 8. h3 O-O 9. O-O Bb7 10. Re1 Qd7 11. Nbd2 h6 12. Nf1 b4 13. Ng3 bxc3 14. bxc3 Rab8 15. d4 exd4 16. cxd4 Rfe8 17.
Ba4 Qd8 18. d5 Ne5 19. Bxe8 Qxe8 20. Nxe5 dxe5 21. Qc2 Qd7 22. Nf5 Bd6 23. Qd3 Qb5 24.
Qg3 Bf8 25. Nxh6+ Kh8 26. Nxf7+ Kg8 27. Nxe5 Qe8 28. Qg6 Bb4 29. Qxe8+ Rxe8 30. Nd3 Bxe1 31. Nxe1 Rxe4 32. Bg5 Nxd5 33. Nf3 Nc3 34. Kf1 Re2 35. Rc1 Bxf3 36. gxf3 Nxa2 37. Rxc7 Re8 38. Bd2 Ra8 39. Rc2 Rf8 40. Kg2 Nb4 41. Bxb4 Rb8 42. Ba3 a5 43. Rb2 Rxb2 44. Bxb2 a4 45. Kg3 Kf7 46. Kf4 g6 47.
Ke4 Ke6 48. f4 Kf7 49. h4 Ke6 50. f3 Kf7 51. f5 gxf5+ 52. Kxf5 1-0

[Event "Sempre più Rapidamente"]
[Site "Chess.com"]
[Date "2020.04.12"]
[Round "4"]
[White "SanSecondoPR"]
[Black "MartinoMontepietra"]
[Result "1-0"]
[WhiteElo "1335"]
[BlackElo "755"]
[TimeControl "720+3"]
[EndTime "7:37:14 PDT"]
[Termination "SanSecondoPR ha vinto per scaccomatto"]

1. e4 g6 2. d4 Nf6 3. e5 Ne4 4. Qd3 Ng5 5. h4 Ne6 6. Nc3 d6 7.
d5 Ng7 8. Nf3 dxe5 9. Nxe5 f6 10. Nf3 c6 11. Be3 cxd5 12. Nxd5 e6 13. Nc3 Qxd3 14.
Bxd3 f5 15. Nb5 Bd6 16. Nxd6+ Kd7 17. Nxc8 Kxc8 18. O-O-O e5 19. Nxe5 Re8 20. Nf7 Rf8 21. Nd6+ Kd7 22. Bb5+ Ke7 23. Bc5 b6 24. Nxf5+ Kf7 25.
Bxf8 Kxf8 26. Rd8+ Ne8 27. Rxe8+ Kf7 28. Nh6+ Kg7 29. Ng4 a6 30. Bc6 Kf7 31. Ne5+ Kf6 32. Bxa8 Nd7 33. Nxd7+ Kf7 34. Re3 h6 35. Nxb6 g5 36.
hxg5 hxg5 37. Rh6 a5 38. Ree6 a4 39. Nxa4 g4 40. Be4 Kg7 41. c4 g3 42. fxg3 Kf7 43.
Bd5 Kg7 44. Rhg6+ Kh7 45. Rg4 Kh8 46. Rh6# 1-0

[Event "Sempre più Rapidamente"]
[Site "Chess.com"]
[Date "2020.04.12"]
[Round "4"]
[White "Carbon"]
[Black "GuGe14"]
[Result "1/2-1/2"]
[WhiteElo "1823"]
[BlackElo "1853"]
[TimeControl "720+3"]
[EndTime "7:41:05 PDT"]
[Termination "Partita patta per ripetizione di mosse"]

1. e4 c6 2. d3 d5 3. Nd2 e5 4. Ngf3 Bd6 5. g3 Nf6 6. Bg2 O-O 7. O-O Re8 8. h3 Nbd7 9. Re1 d4 10. Nc4 Bc7 11. a4 b5 12. axb5 cxb5 13. Ncd2 Nc5 14. b3 Bd7 15. Nh4 g6 16. Nb1 Qc8 17. Kh2 a5 18. Bg5 Nh5 19. Bf3 Ng7 20. Bg4 Bxg4 21. Qxg4 Qxg4 22. hxg4 Bd8 23. Bxd8 Rexd8 24. Na3 Rab8 25. Nf3 f6 26. Kg2 Nge6 27. Reb1 Rdc8 28. b4 Na4 29. bxa5 Nc3 30. Rb3 Nc5 31. Rb4 N5a4 32. g5 Kf7 33. gxf6 Kxf6 34. Nd2 Kg5 35. Nf3+ Kf6 36. Nd2 Kg5 37. Nf3+ Kf6 1/2-1/2

[Event "Sempre più Rapidamente"]
[Site "Chess.com"]
[Date "2020.04.12"]
[Round "5"]
[White "ottovolante"]
[Black "lionblu1"]
[Result "0-1"]
[WhiteElo "992"]
[BlackElo "1470"]
[TimeControl "720+3"]
[EndTime "7:47:48 PDT"]
[Termination "lionblu1 ha vinto per scaccomatto"]

1. e4 c5 2. Bc4 e6 3. Nf3 a6 4. e5 d5 5. Bd3 Nc6 6. c3 Nge7 7. Bc2 h5 8. Ba4 b5 9. Bc2 Bb7 10. d3 g6 11. Bg5 Bh6 12. Bf6 Rg8 13. h4 Bg7 14.
Bxg7 Rxg7 15. Qd2 Nf5 16. d4 cxd4 17. Bxf5 gxf5 18. cxd4 Qa5 19. Qb4 Qxb4+ 20. Nc3 Qxb2 21. Nxd5 Qxa1+ 22. Ke2 Qxa2+ 23. Nd2 Qxd5 24. g4 Qxh1 25. f4 Nxd4+ 26. Kf2 Qg2+ 27. Ke1 Qe2# 0-1

[Event "Sempre più Rapidamente"]
[Site "Chess.com"]
[Date "2020.04.12"]
[Round "5"]
[White "Ollarov"]
[Black "GuGe14"]
[Result "1-0"]
[WhiteElo "1945"]
[BlackElo "1831"]
[TimeControl "720+3"]
[EndTime "7:50:02 PDT"]
[Termination "Ollarov ha vinto per abbandono"]

1. e4 c6 2. d4 d5 3. exd5 cxd5 4. c4 Nf6 5. Nc3 Nc6 6. cxd5 Nxd5 7. Bc4 Be6 8. Bb3 g6 9. Nf3 Bg7 10. O-O Nxc3 11. bxc3 Bd5 12. Bg5 Qa5 13. Rc1 Bxf3 14. Qxf3 Qxg5 15. Qxf7+ Kd7 16. Qxg7 Na5 17. Ba4+ b5 18.
f4 Qd5 19. Rce1 Rae8 20. Re5 Qc4 21. Bxb5+ 1-0

[Event "Sempre più Rapidamente"]
[Site "Chess.com"]
[Date "2020.04.12"]
[Round "5"]
[White "Delsoldato03"]
[Black "MartinoMontepietra"]
[Result "1-0"]
[WhiteElo "1089"]
[BlackElo "733"]
[TimeControl "720+3"]
[EndTime "7:50:05 PDT"]
[Termination "Delsoldato03 ha vinto per scaccomatto"]

1. e4 g6 2. d4 Bg7 3. Nf3 Nf6 4. e5 Ne4 5. Bd3 f5 6. O-O d5 7. exd6 cxd6 8. Nbd2 Nxd2 9. Bxd2 e5 10. Bg5 Qd7 11. dxe5 O-O 12. exd6 Qxd6 13. Bc4+ Kh8 14.
Qxd6 a5 15. Rfe1 Ra6 16. Bxa6 Nxa6 17. Ne5 a4 18. Qd5 Rg8 19. Nf7# 1-0

[Event "Sempre più Rapidamente"]
[Site "Chess.com"]
[Date "2020.04.12"]
[Round "5"]
[White "mr6701"]
[Black "Carbon"]
[Result "1-0"]
[WhiteElo "1646"]
[BlackElo "1784"]
[TimeControl "720+3"]
[EndTime "7:52:23 PDT"]
[Termination "mr6701 ha vinto per abbandono"]

1. e4 e6 2. d4 d5 3. Nc3 Nf6 4. Bg5 Be7 5. e5 Nfd7 6. h4 Nc6 7. Qg4 f5 8. Qh5+ g6 9. Qh6 Kf7 10. Nf3 Qf8 11. Qxf8+ Kxf8 12. Nb5 Bb4+ 13. c3 Ba5 14. O-O-O a6 15. Na3 h6 16. Bf4 b5 17. Bd3 Bb7 18.
g4 Kf7 19. gxf5 gxf5 20. h5 Rag8 21. Nh4 Rg4 22. Ng6 Rh7 23. Be2 Rxg6 24. hxg6+ Kxg6 25. Rdg1+ Kf7 26. Rxh6 Rxh6 27. Bxh6 b4 28. Nb1 bxc3 29.
bxc3 Ne7 30. Bh5+ 1-0